 Dungeon Crawl Stone Soup version 0.31-a0-1612-g4aaf141004 (webtiles) character file.

Game seed: 3658551408099705509

7 croobank the Caller (level 1, -2/9 HPs)
             Began as a Felid Summoner on Jan 9, 2024.
             Slain by a ribbon worm (7 damage)
             ... on level 2 of the Dungeon.
             The game lasted 00:02:54 (960 turns).

croobank the Caller (Felid Summoner)                 Turns: 960, Time: 00:02:54

Health: -2/9       AC:  1    Str:  4    XL:     1   Next: 91%
Magic:  1/4        EV: 17    Int: 18    God:
Gold:   23         SH:  0    Dex: 16    Spells: 3/4 levels left
                                        Lives:  0   Deaths: 1

rFire   . . .        (weapon unavailable)
rCold   . . .        (shield unavailable)
rNeg    . . .        (body armour unavailable)
rPois   .            (helmet unavailable)
rElec   .            (cloak unavailable)
rCorr   .            (gloves unavailable)
SInv    +            (boots unavailable)
Will    .....        (no amulet)
Stlth   ++           (no ring)
HPRegen 0.21/turn    (no ring)
MPRegen 0.09/turn

%: no passive effects
@: no status effects
A: very small, claws 1, fangs 3, see invisible, shaggy fur 1, stealthy paws, no
weapons or thrown items, no armour, multi-lived
a: no special abilities


You were on level 2 of the Dungeon.
You visited 1 branch of the dungeon, and saw 2 of its levels.

You collected 23 gold pieces.

Inventory:

Scrolls
 a - a scroll of torment {unknown}
 c - a scroll of poison {unknown}
 d - a scroll of fear {unknown}
 e - a scroll of fog {unknown}
 g - a scroll of noise {unknown}
 i - a scroll of teleportation {unknown}
Potions
 f - a potion of might {unknown}
 h - a potion of curing {unknown}


   Skills:
 + Level 0.3 Fighting
 + Level 2.9 Dodging
 + Level 3.0 Stealth
 + Level 2.1 Spellcasting
 + Level 4.1 Summonings


You had 3 spell levels left.
You knew the following spells:

 Your Spells              Type           Power      Damage    Failure   Level
a - Summon Small Mammal   Summ           64%        N/A       3%          1

Your spell library contained the following spells:

 Spells                   Type           Power      Damage    Failure   Level
 Call Imp                 Summ           32%        N/A       4%          2
 Call Canine Familiar     Summ           16%        N/A       10%         3
 Summon Blazeheart Golem  Fire/Summ      9%         N/A       61%         4
 Summon Lightning Spire   Summ/Air       9%         N/A       61%         4


Dungeon Overview and Level Annotations

Branches:
Dungeon (2/15)

Altars:


Innate Abilities, Weirdness & Mutations

You have sharp claws.
You have razor-sharp teeth.
You have supernaturally acute eyesight. (SInv)
You are covered in fur. (AC +1)
Your paws help you pounce on unaware monsters.
You are incapable of wielding weapons or throwing items.
You cannot wear armour.
You gain extra lives every three experience levels.


Message History

You kill the rat!
Your rat bites the ribbon worm.
Your bat hits the ribbon worm.
Your Stealth skill increases to level 3!
Casting: Summon Small Mammal (safe; 3% risk of failure)
Confirm with . or Enter, or press ? or * to list all spells.
Your bat disappears in a puff of smoke!
An adder comes into view.
Your rat bites the ribbon worm.
Your rat barely misses the ribbon worm.
Your bat hits the ribbon worm.
Your bat barely misses the ribbon worm.
Your bat hits the ribbon worm. The adder attacks as it pursues you!
The adder misses you.
The ribbon worm attacks as it pursues you!
The ribbon worm bites you.
Ouch! That really hurt!
The adder bites you.
You are lethally poisoned!
The adder poisons you!
You feel sick.
Your bat completely misses the ribbon worm.
The adder attacks as it pursues you! The adder closely misses you.
You feel much better.
You feel sick.
Your bat hits the ribbon worm but does no damage.
The adder bites you.
The ribbon worm expels a string of sticky webbing.
The stream of webbing misses you.
Your rat bites the ribbon worm.
Casting: Summon Small Mammal (safe; 3% risk of failure)
Confirm with . or Enter, or press ? or * to list all spells.
You feel sick.
Your rat disappears in a puff of smoke!
The adder closely misses you. The adder barely misses you.
Your bat hits the ribbon worm.
Casting: Summon Small Mammal (safe; 3% risk of failure)
Confirm with . or Enter, or press ? or * to list all spells.
You feel sick.
You are no longer poisoned.
Your bat disappears in a puff of smoke!
The ribbon worm bites you!
Ouch! That really hurt!
You die...

### #....####....# #..
...#..... .....###.#
#.#.#.#..####......#.#
#..............#.#.#.#
#.#.....##.#...#.#.#
#................#.#
#...#....r.#.#.#.#.#########
#...#....§w..r.............#
###.#.....S@.....#.#######.#
..####.....###.#.# #.# ##
#.###...<.#.# #.#
#........##.# #.#
#.###.......# #.# ###
#.#############.#
#.#..............
#.##.############ #....#


You could see a ribbon worm (ally target), an adder, a friendly quokka
(summoned) and a friendly rat (summoned).

Vanquished Creatures
  A jackal (D:1)
  A rat (D:2)
2 creatures vanquished.

Vanquished Creatures (collateral kills)
  A goblin (D:1)
  2 jackals (D:1)
  A ball python (D:1)
  A frilled lizard (D:1)
5 creatures vanquished.

Grand Total: 7 creatures vanquished

Notes
Turn   | Place    | Note
-------+----------+-------------------------------------------
     0 | D:1      | croobank the Felid Summoner began the quest for the Orb.
     0 | D:1      | Reached XP level 1. HP: 9/9 MP: 4/4
   231 | D:1      | Slain by a jackal
   231 | D:1      | Lost a life (0 lives remaining)
   841 | D:1      | Found a faded altar of an unknown god.
   960 | D:2      | Slain by a ribbon worm

Illustrated notes

Levels and vault maps discovered:
D:1:      dpeg_arrival_oval, layout_basic, dilly_ecumenical_altar_fadedgnrine
D:2:      layout_basic, basic_altar, minmay_pentomino_v2

Skill      XL: |  1 |
---------------+----+-----
Stealth        | 3 |  3.0
Fighting       | |  0.3
Dodging        | |  2.9
Spellcasting   | |  2.1
Summonings     | |  4.1

Action                     || total
---------------------------++-------
  Melee: Unarmed           ||    15
         Punch             ||     1
         Bite              ||     1
   Cast: Summon Small Mamm ||    21
    Use: Potion            ||     3
         Scroll            ||     1
 Armour: Skin              ||    23
  Dodge: Dodged            ||    32

Table legend: (Time is in decaauts)
 A = Elapsed time spent in this place.
 B = Non-inter-level travel time spent in this place.
 C = Inter-level travel time spent in this place.
 D = Time resting spent in this place.
 E = Time spent auto-exploring this place.
 F = Levels seen in this place.
 G = Mean time per level.
                   A        B        C        D        E       F      G
               +--------+--------+--------+--------+--------+-----+--------+
         Total |    959 |    930 |     29 |    127 |    676 |   2 |  479.5 |
       Dungeon |    959 |    930 |     29 |    127 |    676 |   2 |  479.5 |
               +--------+--------+--------+--------+--------+-----+--------+

Top non-repeatable levels by time:
     D:1: 877 daAuts
     D:2: 82 daAuts
